 Dungeon Crawl Stone Soup version 0.25-a0-23-gdc1bd94 (console) character file.

Game seed: 17874119115137041613, levelgen mode: deterministic

1763155 FoCheiMinh the Conqueror (level 27, 249/249 HPs)
             Began as a Formicid Fighter on Oct 14, 2019.
             Was the Champion of Cheibriados.
             Escaped with the Orb
             ... and 3 runes on Oct 19, 2019!
             The game lasted 07:50:58 (68550 turns).

FoCheiMinh the Conqueror (Formicid Fighter)        Turns: 68550, Time: 07:50:58

Health: 249/249    AC: 49    Str: 50    XL:     27
Magic:  31/31      EV: 23    Int: 26    God:    Cheibriados [******]
Gold:   4926       SH: 30    Dex: 25    Spells: 26/26 levels left

rFire    + + +     SeeInvis +   a - +7 battleaxe (vamp)
rCold    + + +     Gourm    .   i - +0 large shield {rC+ rF+}
rNeg     + . .     Faith    .   d - +12 gold dragon scales
rPois    +         Spirit   .   (helmet unavailable)
rElec    +         Reflect  .   e - +4 dragonskin cloak
rCorr    .         Harm     .   g - +2 pair of gloves
MR       +++..                  f - +1 pair of boots
Stlth    ..........             A - amulet of the acrobat
HPRegen  0.51/turn              G - ring of Neomoar {rElec rPois MR+ Str+3 Int+4}
MPRegen  0.22/turn              F - ring of Sirerulo {rF+ Str+2 Int-5 Slay+3 SInv}

@: very slow
A: permanent stasis, dig shafts and tunnels, four strong arms, antennae 3,
molten scales 1, cold resistance 1, low mp 1, subdued magic 1
0: Orb of Zot
}: 3/15 runes: serpentine, barnacled, silver
a: Dig, Shaft Self, Bend Time, Temporal Distortion, Slouch, Step From Time,
Renounce Religion


You escaped.
You worshipped Cheibriados.
Cheibriados was exalted by your worship.
You were not hungry.

You visited 10 branches of the dungeon, and saw 50 of its levels.
You visited 2 bazaars.
You also visited: Sewer.

You collected 9313 gold pieces.
You spent 4387 gold pieces at shops.

Inventory:

Hand Weapons
 a - a +7 vampiric battleaxe (weapon)
 b - a +2 great mace of holy wrath
 c - a +7 antimagic war axe
 t - the +7 great mace "Firestarter" {inner flame, rF++}
   (You found it on level 11 of the Dungeon)

   It has been specially enchanted to burn those struck by it, causing extra
   injury to most foes and up to half again as much damage against particularly
   susceptible opponents.
   It greatly protects you from fire.
 I - a +11 club of holy wrath
Missiles
 o - 58 silver javelins
 w - 42 boomerangs
 N - 56 javelins (quivered)
Armour
 d - +12 gold dragon scales (worn)
 e - the +4 dragonskin cloak (worn)
   (You took it off Tiamat on level 2 of the Realm of Zot)
 f - a +1 pair of boots (worn)
 g - a +2 pair of gloves (worn)
 i - a +0 large shield of resistance (worn)
 j - a +2 large shield of reflection
 k - the +0 cloak "Fev Ynux" {rF+ Dex+2 Stlth+}
   (You bought it in a shop on level 4 of the Shoals)

   It affects your dexterity (+2).
   It protects you from fire.
   It makes you more stealthy.
 D - a +0 cloak of magic resistance
Jewellery
 n - an uncursed amulet of regeneration
 q - an uncursed ring of resist corrosion
 A - an amulet of the acrobat (around neck)
 C - an uncursed ring of protection from cold
 F - the ring of Sirerulo (right hand) {rF+ Str+2 Int-5 Slay+3 SInv}
   (You bought it in a shop on level 5 of the Vaults)

   [ring of see invisible]

   It affects your strength (+2).
   It affects your intelligence (-5).
   It affects your accuracy and damage with ranged weapons and melee attacks
   (+3).
   It protects you from fire.
   It lets you see invisible.
 G - the ring of Neomoar (left hand) {rElec rPois MR+ Str+3 Int+4}
   (You found it on level 3 of the Elven Halls)

   [ring of poison resistance]

   It affects your strength (+3).
   It affects your intelligence (+4).
   It insulates you from electricity.
   It protects you from poison.
   It affects your resistance to hostile enchantments.
 K - a +4 ring of slaying
 M - an uncursed ring of protection from magic
Wands
 B - a wand of paralysis (10)
 E - a wand of digging (15)
 Q - a wand of iceblast (48)
Scrolls
 h - a scroll of silence
 m - 2 scrolls of magic mapping
 r - 20 scrolls of identify
 u - 10 scrolls of fear
 v - 32 scrolls of remove curse
 L - 4 scrolls of holy word
Potions
 l - 6 potions of mutation
 p - 6 potions of ambrosia
 s - 4 potions of flight
 x - 36 potions of curing
 y - 3 potions of magic
 z - 17 potions of heal wounds
 H - 5 potions of cancellation
 P - 4 potions of resistance
 S - 7 potions of agility
 X - 3 potions of invisibility
 Y - 4 potions of might
Miscellaneous
 Z - a lightning rod (4/4)
Comestibles
 R - 89 rations


   Skills:
 O Level 27 Fighting
 - Level 24.2 Axes
   Level 2.1(11.8) Slings
 - Level 15.9(16.0) Throwing
 - Level 20.1 Armour
 + Level 15.2 Dodging
 - Level 22.0 Shields
 - Level 16.1 Invocations


You had 26 spell levels left.
You didn't know any spells.
Your spell library contained the following spells:

 Spells                   Type           Power        Failure   Level  Hunger
 Animate Skeleton         Necr           N/A          41%         1    ##.....
 Corona                   Hex            #......      41%         1    ##.....
 Flame Tongue             Conj/Fire      #....        41%         1    ##.....
 Infusion                 Chrm           #...         41%         1    ##.....
 Magic Dart               Conj           #...         41%         1    ##.....
 Pain                     Necr           #...         41%         1    ##.....
 Sandblast                Erth           #.....       41%         1    ##.....
 Shock                    Conj/Air       #...         41%         1    ##.....
 Summon Butterflies       Summ           #.......     41%         1    ##.....
 Summon Small Mammal      Summ           #...         41%         1    ##.....
 Call Imp                 Summ           #.......     56%         2    ###....
 Ensorcelled Hibernation  Hex/Ice        #.....       56%         2    ###....
 Passwall                 Tmut/Erth      #.......     56%         2    ###....
 Poisonous Vapours        Pois/Air       #.....       56%         2    ###....
 Searing Ray              Conj           #.....       56%         2    ###....
 Shroud of Golubria       Chrm/Tloc      #.....       56%         2    ###....
 Slow                     Hex            #.......     56%         2    ###....
 Song of Slaying          Chrm           #.......     56%         2    ###....
 Sublimation of Blood     Necr           #.........   56%         2    ###....
 Swiftness                Chrm/Air       #.......     56%         2    ###....
 Throw Flame              Conj/Fire      #.....       56%         2    ###....
 Call Canine Familiar     Summ           #.......     80%         3    ####...
 Confuse                  Hex            #.......     80%         3    ####...
 Conjure Flame            Conj/Fire      #.......     80%         3    ####...
 Dazzling Spray           Conj/Hex       #.....       80%         3    ####...
 Gell's Gravitas          Tloc           #.........   80%         3    ####...
 Ignite Poison            Fire/Tmut/Pois #.......     80%         3    ####...
 Inner Flame              Hex/Fire       #.......     80%         3    ####...
 Mephitic Cloud           Conj/Pois/Air  #.......     80%         3    ####...
 Portal Projectile        Hex/Tloc       #.....       80%         3    ####...
 Recall                   Summ/Tloc      N/A          80%         3    ####...
 Regeneration             Chrm/Necr      #.........   80%         3    ####...
 Spectral Weapon          Hex/Chrm       #.......     80%         3    ####...
 Static Discharge         Conj/Air       #.......     80%         3    ####...
 Stone Arrow              Conj/Erth      #.....       80%         3    ####...
 Summon Guardian Golem    Hex/Summ       #.......     80%         3    ####...
 Tukima's Dance           Hex            #.......     80%         3    ####...
 Vampiric Draining        Necr           #.........   80%         3    ####...
 Airstrike                Air            #.........   99%         4    #####..
 Animate Dead             Necr           N/A          99%         4    #####..
 Cause Fear               Hex            #.........   99%         4    #####..
 Force Lance              Conj/Tloc      #.......     99%         4    #####..
 Fulminant Prism          Conj/Hex       #.........   99%         4    #####..
 Iskenderun's Mystic Bla  Conj           #.......     99%         4    #####..
 Leda's Liquefaction      Hex/Erth       #.........   99%         4    #####..
 Petrify                  Tmut/Erth      #.......     99%         4    #####..
 Sticky Flame             Conj/Fire      #.......     99%         4    #####..
 Summon Ice Beast         Ice/Summ       #.......     99%         4    #####..
 Summon Lightning Spire   Summ/Air       #.......     99%         4    #####..
 Alistair's Intoxication  Tmut/Pois      #.......     100%        5    ######.
 Borgnjor's Vile Clutch   Necr/Erth      #.........   100%        5    ######.
 Excruciating Wounds      Chrm/Necr      #.........   100%        5    ######.
 Fireball                 Conj/Fire      #.........   100%        5    ######.
 Irradiate                Conj/Tmut      #.........   100%        5    ######.
 Lee's Rapid Deconstruct  Erth           #.........   100%        5    ######.
 Lightning Bolt           Conj/Air       #.........   100%        5    ######.
 Summon Mana Viper        Hex/Summ       #.......     100%        5    ######.
 Bolt of Fire             Conj/Fire      #.........   100%        6    #######
 Death Channel            Necr           #.........   100%        6    #######
 Dispersal                Tloc           #.........   100%        6    #######
 Freezing Cloud           Conj/Ice/Air   #.........   100%        6    #######
 Iron Shot                Conj/Erth      #.........   100%        6    #######
 Simulacrum               Ice/Necr       #.........   100%        6    #######
 Ring of Flames           Chrm/Fire      #.........   100%        7    #######
 Summon Hydra             Summ           #.........   100%        7    #######
 Disjunction              Tloc           #.........   100%        8    #######
 Ignition                 Fire           #.........   100%        8    #######
 Controlled Blink         Tloc           Unusable     N/A         8    N/A

Dungeon Overview and Level Annotations

Branches:
Dungeon (15/15)            Temple (1/1) D:4            Lair (6/6) D:9
 Shoals (4/4) Lair:2        Snake (4/4) Lair:4        Slime (0/5) Lair:6
    Orc (2/2) D:12            Elf (3/3) Orc:2        Vaults (5/5) D:13
  Crypt (0/3) Vaults:3     Depths (5/5) D:15            Zot (5/5) Depths:5
  Sewer (visited)

Altars:
Cheibriados
Fedhas
Gozag
Kikubaaqudgha
Nemelex Xobeh
Okawaru
Ru
Sif Muna
Trog
Uskayaw
Vehumet
Wu Jian
Xom
Yredelemnul
Zin
The Shining One
Beogh
Jiyva

Shops:
D:6 *=   D:9 *   Orc:2 *[=(   Elf:3 (!([!   Shoals:3 [*   Shoals:4 [
Snake:1 [*   Vaults:2 [   Vaults:3 %   Vaults:5 }=   Depths:4 ?%

Portals:
Hell: Depths:1 Depths:2 Depths:3 Depths:4 Depths:5
Abyss: Depths:2 Depths:4 Depths:5
Pandemonium: Depths:3
Ziggurat: Depths:4

Annotations:
D:14 1 runed translucent door, Xaussec's ghost, journeyman CeHu
Lair:4 Lindwurm Isle
Vaults:1 3 runed translucent doors, flyingllamaman's ghost, adept HuFi
Zot:2 1 transporter


Innate Abilities, Weirdness & Mutations

You cannot be hasted, slowed, berserked, paralysed or teleported.
You can dig through walls and to a lower floor.
Your four strong arms can wield two-handed weapons with a shield.
You have a pair of large antennae on your head. (SInv)
You are partially covered in molten scales. (AC +2)
Your flesh is cold resistant. (rC+)
Your magical capacity is low. (-10% MP)
Your spells are a little easier to cast, but a little less powerful.


Message History

There is a stone staircase leading up here.
You climb upwards.
There is a stone staircase leading down here.
Items here: ))))) a +0 club x5
There is a stone staircase leading up here.
You climb upwards.
There is a stone staircase leading down here.
You extend your mandibles.
You dig through the rock wall.
You dig through the rock wall.
You retract your mandibles.
You extend your mandibles.
You dig through the rock wall.
You dig through the rock wall.
You retract your mandibles.
There is a staircase leading out of the dungeon here.
Enter note: Woot!
Unknown command.
You have escaped!

##'## ##>## ##'###..##
##...######...######...#.#.##
#.......................##...
#..⌠........⌠........⌠..#####
#.......................#
##...######...######...##
##### #####'######.####
##.........#.##
#..♣..@..♣..## ##.........##
###########


There were no monsters in sight!

Vanquished Creatures
  Tiamat (Zot:2)
  2 ancient liches (Zot:5)
  6 orbs of fire
  Mara (Depths:1)
  A juggernaut (Depths:4)
  Boris (Depths:4)
  7 Killer Klowns (Zot:5)
  Bai Suzhen (Depths:3)
  Vashnia (Snake:3)
  2 curse toes
  A caustic shrike (Depths:4)
  10 golden dragons
  Nikola (Shoals:2)
  Jory (Depths:3)
  the Enchantress (D:15)
  8 liches
  3 electric golems
  18 tentacled monstrosities
  Rupert (Lair:3)
  26 Orb Guardians (Zot:5)
  A deep elf master archer (Elf:3)
  4 titans
  A deep elf blademaster (Elf:3)
  4 quicksilver dragons
  An ancient champion (Depths:4)
  Asterion (Depths:1)
  4 sphinxes
  2 krakens (Shoals:4)
  7 death cobs
  Gastronok (D:8)
  A shadow dragon (shapeshifter) (Vaults:1)
  Kirke (Snake:3)
  Ilsuiw (Shoals:3)
  6 tengu reavers
  14 shadow dragons
  15 storm dragons
  9 nagarajas
  7 draconian monks
  19 vault wardens
  15 fire giants
  7 deep elf sorcerers
  13 frost giants
  4 iron dragons
  A balrug (Depths:3)
  2 ghost moths
  5 draconian knights
  An orc warlord (Orc:2)
  Aizul (Snake:4)
  3 draconian stormcallers
  8 draconian scorchers
  Louise (Snake:2)
  4 deep elf elementalists
  8 draconian shifters
  12 ironheart preservers
  29 stone giants
  6 spriggan defenders
  7 draconian annihilators
  4 entropy weavers
  28 very ugly things
  2 war gargoyles
  5 purple draconians
  13 black draconians
  4 deep elf demonologists
  7 green draconians
  8 deep elf annihilators
  7 vampire knights
  Azrael (Snake:3)
  11 red draconians
  10 white draconians
  3 spark wasps
  11 yellow draconians
  7 merfolk javelineers
  9 deep elf death magi
  18 ettins
  13 fire dragons
  Josephine (Lair:6)
  17 yaktaur captains
  A crystal guardian (Vaults:4)
  4 deep elf high priests
  11 merfolk impalers
  4 hydras
  Fannar (D:11)
  4 rakshasas
  20 naga warriors
  33 vault guards
  11 great orbs of eyes
  A hell beast (Depths:3)
  17 ice dragons
  Erica (D:8)
  6 spriggan air magi
  3 merfolk aquamancers (Shoals:4)
  2 alligators (Snake:3)
  9 merfolk avatars
  11 tengu warriors
  29 dancing weapons
  An alligator snapping turtle (Shoals:3)
  40 two-headed ogres
  2 satyrs
  13 centaur warriors
  13 ogre magi
  2 death knights
  14 deep troll shamans
  9 anacondas
  3 hell hogs (D:11)
  6 orc high priests
  9 shock serpents
  3 vampire magi
  A soul eater (Depths:3)
  Nergalle (D:11)
  34 deep elf knights
  14 naga sharpshooters
  11 spriggan berserkers
  8 deep troll earth magi
  3 sun demons (Depths:3)
  5 hell knights
  Sonja (D:12)
  9 skeletal warriors
  3 salamander mystics
  A cherub (D:7)
  6 flayed ghosts
  7 iron trolls
  3 glowing orange brains
  12 sea snakes
  5 unseen horrors
  A shadow demon (D:4)
  6 wizards
  14 deep trolls
  Pikel (D:4)
  6 naga ritualists
  4 lindwurms (Lair:4)
  10 deep elf archers
  40 harpies
  5 phantasmal warriors
  2 harpies (shapeshifter)
  19 orc knights
  2 mana vipers (shapeshifter)
  7 necromancers
  14 ironbrand convokers
  4 wolf spiders
  10 orc sorcerers
  57 deep elf magi
  An oklob plant (Shoals:4)
  45 ugly things
  8 mana vipers
  A cyclops (shapeshifter) (Vaults:5)
  22 moths of wrath
  21 fauns
  39 slime creatures
  A fire giant zombie (Vaults:1)
  A manticore (shapeshifter) (Elf:3)
  11 manticores
  16 salamanders
  3 cyclopes
  20 elephants
  22 naga magi
  8 merfolk sirens
  Joseph (D:7)
  34 black mambas
  19 vault sentinels
  4 water nymphs
  A guardian serpent (shapeshifter) (Depths:4)
  3 centaur zombies
  Psyche (D:8)
  6 guardian serpents
  11 large abominations
  5 rime drakes
  32 spiny frogs
  A redback zombie (D:14)
  5 komodo dragons
  53 yaktaurs
  A tengu conjurer (Depths:1)
  A demonic crawler (Depths:2)
  8 freezing wraiths
  A red devil (Depths:3)
  8 trolls
  13 hornets
  A troll (shapeshifter) (Vaults:5)
  A polar bear (Lair:6)
  A jumping spider (Vaults:2)
  Prince Ribbit (D:7)
  4 wind drakes
  A polar bear (shapeshifter) (D:13)
  18 merfolk
  5 tyrant leeches (Lair:6)
  An ettin zombie (Vaults:1)
  A dream sheep (shapeshifter) (Vaults:2)
  21 blink frogs
  A slime creature (shapeshifter) (Depths:4)
  6 snapping turtles
  10 hippogriffs
  9 wraiths
  6 redbacks
  10 spriggans
  3 air elementals
  26 water elementals
  Sigmund (D:5)
  A shadow (D:15)
  2 vampires (D:15)
  A yak (shapeshifter) (Depths:2)
  5 fire bats (D:11)
  57 yaks
  6 fire elementals
  A hog (shapeshifter) (Vaults:1)
  5 steam dragons
  Grum (D:8)
  3 wyverns
  3 hogs
  Eustachio (D:6)
  2 basilisks
  3 chaos spawn
  A human (D:12)
  4 small abominations
  18 vampire mosquitoes
  4 hungry ghosts
  2 soldier ants (D:15)
  3 wargs
  Menkaure (D:7)
  5 swamp worms (Snake:3)
  Edmund (D:4)
  A soldier ant (shapeshifter) (Depths:4)
  10 water moccasins
  An acid dragon (Vaults:1)
  A hell hound (Snake:3)
  82 nagas
  6 porcupines
  3 floating eyes (Depths:4)
  An eye of draining (shapeshifter) (Depths:5)
  3 sky beasts
  51 orc warriors
  4 ice beasts
  A necrophage (D:11)
  An eye of draining (D:9)
  A black bear (shapeshifter) (Vaults:2)
  6 black bears
  4 slaves (D:4)
  3 phantoms
  5 boggarts
  14 wolves
  A wolf (shapeshifter) (Depths:2)
  28 ogres
  29 centaurs
  16 crocodiles
  5 big kobolds (Sewer)
  4 elf zombies (Elf:1)
  25 bullfrogs
  2 earth elementals
  6 scorpions
  2 troll zombies (D:12)
  12 killer bees
  13 wights
  2 howler monkeys
  3 electric eels
  7 crimson imps
  2 quasits (D:11)
  3 jellies
  31 orc priests
  2 human zombies
  2 bullfrog skeletons
  A bullfrog zombie (D:6)
  7 hounds
  25 orc wizards
  5 centaur skeletons
  Jessica (D:2)
  14 iguanas
  Terence (D:2)
  8 worker ants
  7 ogre zombies
  3 hound skeletons
  A howler monkey zombie (D:11)
  4 mummies (D:11)
  Robin (D:2)
  10 adders
  7 gnolls (D:5)
  2 river rats (Sewer)
  4 shadow imps
  12 white imps (D:12)
  3 oozes (Sewer)
  2 adder zombies
  2 adder skeletons
  4 worms
  A dart slug (D:1)
  11 leopard geckos
  107 orcs
  12 giant cockroaches
  15 goblins
  11 hobgoblins
  10 jackals
  7 quokkas
  5 ball pythons
  8 bats
  7 frilled lizards
  A goblin skeleton (D:12)
  A goblin zombie (D:12)
  2 hobgoblin skeletons (D:12)
  2 hobgoblin zombies (D:12)
  13 kobolds
  A leopard gecko skeleton (D:4)
  6 orc skeletons (D:12)
  13 orc zombies (D:12)
  A quokka zombie (D:6)
  8 rats
  4 crawling corpses (Vaults:5)
  2 fungi
  7 plants
  5 tentacles (Shoals:4)
  2 withered plants (D:11)
2570 creatures vanquished.

Vanquished Creatures (others)
  A golden dragon (Zot:5)
  3 deep elf master archers (Elf:3)
  4 stone giants
  A deep elf high priest (Elf:3)
  3 yaktaur captains
  A naga warrior (Snake:4)
  2 centaur warriors
  A naga sharpshooter (Snake:3)
  A deep elf archer (Elf:3)
  2 cyclopes
  A manticore (Shoals:2)
  21 yaktaurs
  A merfolk (Shoals:3)
  A troll (D:10)
  A water moccasin (D:8)
  An orc warrior (Vaults:4)
  4 humans
  10 centaurs
  3 orcs
  A goblin (D:3)
  A bush (Lair:1)
  A fire vortex (Lair:2)
  50 fungi
  73 plants
  14 tentacles (Shoals:4)
202 creatures vanquished.

Grand Total: 2772 creatures vanquished

Notes
Turn   | Place    | Note
-------+----------+-------------------------------------------
     0 | D:1      | FoCheiMinh the Formicid Fighter began the quest for the
                  | Orb.
     0 | D:1      | Reached XP level 1. HP: 18/18 MP: 1/1
    65 | D:1      | Reached XP level 2. HP: 24/24 MP: 2/2
   402 | D:1      | Reached XP level 3. HP: 26/29 MP: 3/3
   853 | D:2      | Noticed Robin
   899 | D:2      | Reached XP level 4. HP: 35/35 MP: 4/4
   915 | D:2      | Noticed Jessica
   926 | D:2      | Killed Jessica
  1183 | D:2      | Killed Robin
  1282 | D:2      | Found a faded altar of an unknown god.
  1347 | D:2      | Reached XP level 5. HP: 41/41 MP: 5/5
  1602 | D:2      | Noticed Terence
  1647 | D:1      | HP: 2/41 [poisoned by Terence]
  2094 | D:2      | Killed Terence
  2094 | D:2      | Reached skill level 5 in Axes
  2135 | D:2      | HP: 2/41 [poisoned by Terence]
  2865 | D:3      | Found an ancient bone altar of Kikubaaqudgha.
  2961 | D:3      | You fall into a shaft and drop 3 floors!
  3005 | D:5      | Entered Level 5 of the Dungeon
  3024 | D:5      | Found a glowing drain.
  3040 | Sewer    | Entered a sewer
  3119 | Sewer    | Noticed a big kobold
  3133 | Sewer    | Killed a big kobold
  3133 | Sewer    | Reached XP level 6. HP: 47/47 MP: 6/6
  3632 | Sewer    | Reached XP level 7. HP: 52/52 MP: 7/7
  3765 | D:5      | Noticed a water moccasin
  4129 | D:3      | Reached skill level 4 in Fighting
  4465 | D:4      | Found a staircase to the Ecumenical Temple.
  4475 | Temple   | Entered the Ecumenical Temple
  4495 | Temple   | Became a worshipper of Cheibriados the Contemplative
  4550 | D:4      | Reached skill level 5 in Shields
  4552 | D:4      | Reached XP level 8. HP: 55/60 MP: 8/8
  4565 | D:4      | Noticed Pikel
  4877 | D:4      | Found an iron altar of Okawaru.
  4933 | D:4      | Reached skill level 5 in Armour
  4991 | D:4      | Noticed Edmund
  5014 | D:4      | Killed Edmund
  5014 | D:4      | Reached skill level 1 in Invocations
  5181 | D:4      | Reached * piety under Cheibriados
  5181 | D:4      | Reached skill level 1 in Throwing
  5295 | D:4      | Killed Pikel
  5295 | D:4      | Reached skill level 5 in Fighting
  5295 | D:4      | Reached XP level 9. HP: 68/68 MP: 8/10
  5918 | D:5      | Noticed Sigmund
  5944 | D:5      | Killed Sigmund
  6004 | D:5      | Found an ancient bone altar of Kikubaaqudgha.
  6582 | D:6      | Reached ** piety under Cheibriados
  6842 | D:6      | Reached skill level 6 in Fighting
  7076 | D:6      | Found Elexiad's Jewellery Boutique.
  7131 | D:6      | Found Decs's General Store.
  7595 | D:6      | Noticed Eustachio
  7616 | D:6      | Killed Eustachio
  7806 | D:7      | Noticed Menkaure
  7816 | D:7      | You fall into a shaft and drop 3 floors!
  7816 | D:10     | Entered Level 10 of the Dungeon
  7818 | D:10     | Noticed a troll
  7819 | D:10     | You fall into a shaft and drop 3 floors!
  8201 | D:12     | Noticed Sonja
  8233 | D:12     | Killed Sonja
  8233 | D:12     | Reached XP level 10. HP: 66/77 MP: 12/12
  8648 | D:12     | Reached *** piety under Cheibriados
  8751 | D:12     | Found a frozen archway.
  8893 | D:11     | Noticed Nergalle
  8904 | D:11     | Killed Nergalle
  9015 | D:10     | Reached skill level 7 in Fighting
  9321 | D:10     | Reached XP level 11. HP: 80/84 MP: 14/14
  9387 | D:10     | Reached skill level 10 in Axes
  9398 | D:10     | Reached **** piety under Cheibriados
  9612 | D:10     | Reached skill level 5 in Invocations
  9771 | D:9      | Found Umiam's Assorted Antiques.
  9787 | D:9      | Bought a scroll labeled POTWEY XIWNAGU for 24 gold pieces
 10001 | D:7      | Killed Menkaure
 10003 | D:7      | Noticed Joseph
 10010 | D:7      | Killed Joseph
 10254 | D:7      | Noticed Prince Ribbit
 10288 | D:7      | Found a basalt altar of Yredelemnul.
 10391 | D:7      | Killed Prince Ribbit
 10672 | D:8      | Noticed Grum
 10681 | D:8      | Killed Grum
 10780 | D:8      | Noticed Psyche
 10780 | D:8      | Noticed Erica
 10790 | D:8      | Killed Psyche
 10876 | D:8      | Killed Erica
 11069 | D:8      | Noticed Gastronok
 11102 | D:8      | Killed Gastronok
 11102 | D:8      | Reached skill level 8 in Fighting
 11115 | D:8      | HP: 4/86 [steam dragon] (6)]
 11117 | D:8      | You fall into a shaft and drop 1 floor!
 11117 | D:9      | Found a staircase to the Lair.
 11127 | D:9      | Reached ***** piety under Cheibriados
 11127 | D:9      | Reached XP level 12. HP: 10/93 MP: 16/16
 11153 | D:9      | You fall into a shaft and drop 1 floor!
 11648 | D:9      | Reached skill level 5 in Throwing
 11915 | D:8      | Noticed a two-headed ogre
 11922 | D:8      | Killed a two-headed ogre
 11922 | D:8      | Reached skill level 1 in Dodging
 12979 | Lair:1   | Entered Level 1 of the Lair of Beasts
 12981 | Lair:1   | Identified a scroll of acquirement
 13244 | Lair:1   | Got an iridescent quarterstaff
 13322 | Lair:1   | Reached skill level 9 in Fighting
 13687 | Lair:1   | Noticed a six-headed hydra
 13696 | Lair:1   | Killed a one-headed hydra
 14837 | Lair:2   | Reached XP level 13. HP: 100/101 MP: 18/18
 15523 | Lair:2   | Found a staircase to the Shoals.
 15861 | Lair:3   | Noticed Rupert
 15937 | Lair:3   | Reached ****** piety under Cheibriados
 15994 | Lair:3   | Killed Rupert
 15994 | Lair:3   | Reached skill level 10 in Fighting
 15995 | Lair:3   | You fall into a shaft and drop 2 floors!
 17087 | Lair:4   | Found a staircase to the Snake Pit.
 17580 | Lair:5   | Noticed a five-headed hydra
 17589 | Lair:5   | Killed a one-headed hydra
 17589 | Lair:5   | Reached XP level 14. HP: 100/111 MP: 20/20
 18250 | Lair:6   | Entered Level 6 of the Lair of Beasts
 18261 | Lair:6   | Found a staircase to the Slime Pits.
 18262 | Lair:6   | Found a viscous altar of Jiyva.
 18396 | Lair:6   | Reached skill level 10 in Armour
 18426 | Lair:6   | Reached skill level 15 in Axes
 18539 | Lair:6   | Reached skill level 11 in Fighting
 19109 | Lair:6   | Noticed Josephine
 19135 | Lair:6   | Killed Josephine
 19400 | Lair:6   | Reached XP level 15. HP: 119/119 MP: 21/21
 20469 | D:10     | You fall into a shaft and drop 2 floors!
 20600 | D:11     | Noticed Fannar
 20610 | D:11     | Killed Fannar
 20827 | D:11     | Reached skill level 12 in Fighting
 21065 | D:11     | Found the +7 great mace "Firestarter" {inner flame, rF++}
 21834 | D:12     | Found a staircase to the Orcish Mines.
 22473 | D:13     | Reached skill level 10 in Invocations
 22578 | D:13     | Found a gate to the Vaults.
 22951 | D:14     | Found a flickering gateway to a bazaar.
 22970 | Bazaar   | Entered a bazaar
 22970 | Bazaar   | Found Zutuegak's Antique Weapon Emporium.
 22977 | Bazaar   | Found Fiashik's Gadget Boutique.
 22985 | Bazaar   | Found Iteed's General Store.
 22996 | Bazaar   | Found Noigamumn's Antique Armour Emporium.
 23012 | Bazaar   | Found Pituozug's Distillery.
 23031 | Bazaar   | Bought a faintly glowing hunting sling for 234 gold pieces
 23042 | Bazaar   | Bought a potion of heal wounds for 55 gold pieces
 23042 | Bazaar   | Bought a potion of heal wounds for 55 gold pieces
 23042 | Bazaar   | Bought a potion of agility for 44 gold pieces
 23042 | Bazaar   | Bought a potion of curing for 33 gold pieces
 23042 | Bazaar   | Bought 2 potions of curing for 66 gold pieces
 23042 | Bazaar   | Bought a potion of curing for 33 gold pieces
 23042 | Bazaar   | Bought 2 potions of agility for 88 gold pieces
 23042 | Bazaar   | Bought a potion of ambrosia for 88 gold pieces
 23042 | Bazaar   | Bought a potion of resistance for 110 gold pieces
 23083 | D:14     | Reached XP level 16. HP: 129/129 MP: 23/23
 23221 | D:14     | Identified the +11 hunting sling of Aphochal {velocity, rF+
                  | MR+ Int-4} (You bought it in a shop in a bazaar)
 23592 | D:14     | Found a runed translucent door.
 23592 | D:14     | Found a shimmering altar of Xom.
 23592 | D:14     | Noticed Xaussec's ghost (journeyman CeHu)
 23592 | D:14     | Identified the +7 battleaxe "Toigh" {chaos, rF+ Str-4 Int+3
                  | Dex+3}
 23769 | D:15     | Entered Level 15 of the Dungeon
 23777 | D:15     | Found a staircase to the Depths.
 23782 | D:15     | Reached skill level 1 in Slings
 24589 | Orc:1    | Entered Level 1 of the Orcish Mines
 24699 | Orc:1    | Reached skill level 13 in Fighting
 24909 | Orc:1    | Found a roughly hewn altar of Beogh.
 25159 | Orc:2    | Entered Level 2 of the Orcish Mines
 25244 | Orc:2    | Found a staircase to the Elven Halls.
 25270 | Orc:2    | Found a roughly hewn altar of Beogh.
 26134 | Orc:2    | Found Zaisk's General Store.
 26134 | Orc:2    | Found Jeupnoige's Jewellery Shop.
 26137 | Orc:2    | Found Etecuogh's Antique Armour Shop.
 26137 | Orc:2    | Found Picash's Antique Weapon Boutique.
 26156 | Orc:2    | Bought a glowing large shield for 232 gold pieces
 26304 | Orc:2    | Bought a glowing scarf for 248 gold pieces
 26533 | D:6      | Bought the ring of Cymofrau {-Tele rElec Str+4 Int+4} for
                  | 481 gold pieces
 26706 | Snake:1  | Entered Level 1 of the Snake Pit
 27043 | Snake:1  | Reached XP level 17. HP: 137/137 MP: 25/25
 27195 | Snake:1  | Reached skill level 10 in Shields
 27447 | Snake:1  | Found Wayhicuc's General Store.
 27447 | Snake:1  | Found Afawkuuth's Antique Armour Boutique.
 28550 | Snake:2  | Noticed Louise
 28571 | Snake:2  | Killed Louise
 28896 | Snake:3  | Noticed Kirke
 28922 | Snake:3  | Noticed Azrael
 29136 | Snake:3  | Killed Azrael
 29419 | Snake:3  | Killed Kirke
 29454 | Snake:3  | Noticed Vashnia
 29502 | Snake:3  | Killed Vashnia
 29507 | Snake:3  | Reached XP level 18. HP: 140/145 MP: 27/27
 30315 | Snake:3  | Reached skill level 14 in Fighting
 30667 | Snake:4  | Entered Level 4 of the Snake Pit
 31012 | Snake:4  | Found a radiant altar of Vehumet.
 31060 | Snake:4  | Noticed Aizul
 31071 | Snake:4  | Killed Aizul
 31738 | Snake:4  | Reached XP level 19. HP: 152/152 MP: 28/28
 32077 | Snake:4  | Got a serpentine rune of Zot
 32511 | Elf:1    | Entered Level 1 of the Elven Halls
 32579 | Elf:1    | Found a flickering gateway to a bazaar.
 32598 | Bazaar   | Entered a bazaar
 32598 | Bazaar   | Found Hiagal's Book Boutique.
 32598 | Bazaar   | Found Xiqyrch's Antique Weapon Shop.
 32598 | Bazaar   | Found Ucion's Gadget Shoppe.
 32600 | Bazaar   | Found Zefridus's Book Emporium.
 33818 | Elf:1    | Identified the Papyrus of Darkness
 34218 | Elf:2    | Reached skill level 15 in Shields
 34352 | Elf:2    | Got a sapphire-studded leather armour
 34369 | Elf:2    | Identified the cursed +1 leather armour of Kleptomania
                  | {+Fly MR++ Str+3} (You found it on level 2 of the Elven
                  | Halls)
 34448 | Elf:2    | Reached skill level 15 in Fighting
 34547 | Elf:2    | Found a runed translucent gate.
 34547 | Elf:2    | Found a runed translucent gate.
 34552 | Elf:2    | Found a runed translucent gate.
 34581 | Elf:3    | Entered Level 3 of the Elven Halls
 34581 | Elf:3    | Found Ubost's Weapon Boutique.
 34700 | Elf:3    | Reached XP level 20. HP: 162/162 MP: 30/30
 35033 | Elf:3    | Found Ucion's Weapon Emporium.
 35034 | Elf:3    | Found Qorgh's Armour Emporium.
 35074 | Elf:3    | Found Amijot's Distillery.
 35092 | Elf:3    | Bought 2 potions of might for 96 gold pieces
 35591 | Elf:3    | Found Ixeal's Distillery.
 36399 | Elf:3    | Identified the cursed +3 flail "Remiataz" {speed, Dex+4}
 36399 | Elf:3    | Identified the ring of Veseew {Fire *Slow rN+ Str+2 Int+4}
 36444 | Elf:3    | Identified the +5 great sword of Wu Jian's Delight {freeze,
                  | *Slow rPois MR+++ Stlth+}
 36578 | Elf:3    | Identified the ring of Neomoar {rElec rPois MR+ Str+3
                  | Int+4}
 36630 | Elf:3    | Reached skill level 15 in Armour
 36713 | Elf:3    | Identified the +0 chain mail of Dramatic Exits {rF+++ rCorr
                  | MP+9 Dex-3}
 36933 | Elf:3    | Identified Peebucein's Disquisition on Igneous Battle Magic
 37127 | Elf:3    | Got a faintly glowing triple crossbow
 37159 | Elf:3    | Got a shimmering halberd
 37242 | Elf:3    | Identified the +1 halberd "Titint" {drain, *Contam MP+9
                  | Str+3 Dex+6} (You found it on level 3 of the Elven Halls)
 37425 | D:9      | Identified the +2 triple crossbow of the Firefly {elec,
                  | rElec rF- Str+5} (You found it on level 3 of the Elven
                  | Halls)
 38034 | Elf:2    | Reached XP level 21. HP: 110/170 MP: 31/31
 38518 | Shoals:1 | Entered Level 1 of the Shoals
 38921 | Shoals:1 | Reached skill level 5 in Dodging
 40049 | Shoals:3 | Noticed Nikola
 40109 | Shoals:2 | Killed Nikola
 40154 | Shoals:3 | Noticed Ilsuiw
 40175 | Shoals:3 | Killed Ilsuiw
 40391 | Shoals:3 | Found Gij Axy's Armour Shop.
 40410 | Shoals:3 | Reached skill level 16 in Fighting
 40417 | Shoals:3 | Found Kixovija's Assorted Antiques.
 40437 | Shoals:3 | Bought a pair of runed boots for 217 gold pieces
 40800 | Shoals:4 | Entered Level 4 of the Shoals
 41202 | Shoals:4 | Reached skill level 15 in Invocations
 41248 | Shoals:4 | Got a barnacled rune of Zot
 41323 | Shoals:4 | Found Devu Enu's Armour Shoppe.
 41794 | Shoals:4 | Found the ring of the Octopus King
 41839 | Shoals:4 | Got a ring of the Octopus King
 41841 | Shoals:4 | Identified a ring of the Octopus King {AC+1 EV+1 Str+1
                  | Int+1 Dex+1 Stlth+} (You found it on level 4 of the Shoals)
 41861 | Shoals:4 | Reached XP level 22. HP: 178/178 MP: 33/33
 42029 | Shoals:4 | Identified the cursed +0 plate armour of Tifef {rC++} (You
                  | found it on level 4 of the Shoals)
 42441 | Shoals:4 | Found a shimmering altar of Xom.
 42942 | Lair:4   | Got a faintly glowing robe
 43225 | Vaults:1 | Entered Level 1 of the Vaults
 43712 | Shoals:4 | Bought the +0 cloak "Fev Ynux" {rF+ Dex+2 Stlth+} for 357
                  | gold pieces
 44000 | Vaults:1 | You fall into a shaft and drop 1 floor!
 44091 | Vaults:2 | You fall into a shaft and drop 1 floor!
 44788 | Vaults:2 | Found Icheq's Antique Armour Emporium.
 45037 | Vaults:1 | Reached XP level 23. HP: 186/186 MP: 34/34
 45323 | Vaults:1 | Reached skill level 17 in Fighting
 45461 | Vaults:1 | You fall into a shaft and drop 1 floor!
 46409 | Vaults:1 | Noticed flyingllamaman's ghost (adept HuFi)
 46423 | Vaults:1 | Found a runed translucent gate.
 46423 | Vaults:1 | Found a runed translucent gate.
 46423 | Vaults:1 | Found a runed translucent gate.
 47358 | Vaults:3 | Found a staircase to the Crypt.
 47358 | Vaults:3 | Found an ancient bone altar of Kikubaaqudgha.
 47359 | Vaults:3 | Found a basalt altar of Yredelemnul.
 48170 | Vaults:3 | Found Teuhataa's Food Shop.
 48669 | Vaults:4 | Reached XP level 24. HP: 193/196 MP: 35/35
 50401 | D:15     | Found a blossoming altar of Fedhas.
 50634 | Depths:1 | Entered Level 1 of the Depths
 50634 | Depths:1 | Noticed the Enchantress
 50654 | D:15     | Killed the Enchantress
 50668 | Depths:1 | Reached skill level 18 in Fighting
 50692 | Depths:1 | Found a gateway to Hell.
 50717 | Depths:1 | Noticed Asterion
 50736 | Depths:1 | Killed Asterion
 50870 | Depths:1 | Reached skill level 10 in Dodging
 50872 | Depths:1 | Noticed Mara
 50887 | Depths:1 | Noticed FoCheiMinh's illusion
 50906 | Depths:1 | Killed Mara
 51865 | Depths:1 | Upgraded the game from 0.25-a0-2-g6559c6c to
                  | 0.25-a0-23-gdc1bd94
 51934 | Depths:2 | Reached XP level 25. HP: 205/205 MP: 35/35
 52254 | Depths:2 | You fall into a shaft and drop 1 floor!
 52268 | Depths:3 | Noticed Bai Suzhen
 52290 | Depths:3 | Killed Bai Suzhen
 52395 | Depths:3 | Found a one-way gate leading to the halls of Pandemonium.
 52467 | Depths:3 | Noticed Jory
 52490 | Depths:3 | Killed Jory
 52556 | Depths:3 | You fall into a shaft and drop 2 floors!
 52556 | Depths:5 | Entered Level 5 of the Depths
 52659 | Depths:4 | Found Wihas's Magic Scroll Emporium.
 52707 | Depths:4 | Got a crude platinum ring
 52709 | Depths:4 | Identified the ring "Wefroat" {rPois rN+ Str+4} (You found
                  | it on level 4 of the Depths)
 52719 | Depths:4 | Noticed a caustic shrike
 52733 | Depths:4 | Killed a caustic shrike
 53094 | Depths:4 | Found Zesaduawn's Food Emporium.
 53152 | Depths:4 | Got a coiled tin ring
 53153 | Depths:4 | Identified the ring of Xom's Sleight of Hands {rElec rPois
                  | MP+9 Str+2 Dex+3} (You found it on level 4 of the Depths)
 53227 | Depths:4 | Noticed Boris
 53251 | Depths:4 | Killed Boris
 53307 | Depths:4 | Found a one-way gate to the infinite horrors of the Abyss.
 53385 | Depths:4 | Got a smoking turquoise ring
 53386 | Depths:4 | Identified the ring "Fucank" {Fire *Corrode MR+ Dex+4} (You
                  | found it on level 4 of the Depths)
 53404 | Depths:4 | Reached skill level 19 in Fighting
 53450 | Depths:4 | Reached XP level 26. HP: 215/215 MP: 35/35
 54232 | Depths:2 | You fall into a shaft and drop 1 floor!
 54720 | Depths:2 | Found a runed translucent gate.
 54720 | Depths:2 | Found a runed translucent gate.
 54720 | Depths:2 | Found a runed translucent gate.
 54783 | Depths:2 | Found a runed translucent gate.
 54783 | Depths:2 | Found a runed translucent gate.
 54783 | Depths:2 | Found a runed translucent gate.
 54784 | Depths:2 | Got a bound amber ring
 54785 | Depths:2 | Identified the ring "Xitatubi" {*Tele Int+5} (You found it
                  | on level 2 of the Depths)
 55281 | Depths:3 | Reached skill level 20 in Fighting
 55544 | Depths:3 | Found the amulet of the Air {Inacc +Fly rElec EV+5 RMsl}
 55563 | Depths:3 | Reached XP level 27. HP: 217/225 MP: 35/35
 56139 | Depths:3 | Got a heavily runed granite ring
 56140 | Depths:3 | Identified the ring of Xom's Absentmindedness {MP+9 Str+3
                  | Int+4 Slay-5} (You found it on level 3 of the Depths)
 56340 | Depths:3 | Got a blackened plate armour
 56341 | Depths:3 | Identified the +3 plate armour of Plasticity {rPois MR+
                  | Str+2} (You found it on level 3 of the Depths)
 56510 | Depths:4 | Found a gateway to a ziggurat.
 56732 | Depths:4 | Noticed a juggernaut
 56743 | Depths:4 | Killed a juggernaut
 56819 | Depths:4 | Reached skill level 21 in Fighting
 57359 | Depths:4 | Bought a scroll of enchant armour for 120 gold pieces
 58316 | Depths:5 | Reached skill level 22 in Fighting
 58538 | Depths:5 | Found a gate to the Realm of Zot.
 58910 | Snake:1  | Bought a runed large shield for 225 gold pieces
 59309 | Vaults:5 | Entered Level 5 of the Vaults
 59504 | Vaults:5 | Reached skill level 23 in Fighting
 59528 | Vaults:5 | Got a silver rune of Zot
 59726 | Vaults:5 | Found Joonysch's Gadget Shoppe.
 59732 | Vaults:5 | Found Qul Xis's Jewellery Shop.
 60071 | Vaults:5 | Identified the +6 great sword of the Spectre {freeze, +Inv}
 60228 | Vaults:5 | Reached skill level 24 in Fighting
 60378 | Vaults:5 | Got a transparent shortbow
 60389 | Vaults:5 | Identified the +6 shortbow of Doom {flame, -Tele +Inv Str-2
                  | Int+10} (You found it on level 5 of the Vaults)
 60869 | Vaults:5 | Found Qul Xis's Jewellery Shop.
 60870 | Vaults:5 | Found Joonysch's Gadget Shoppe.
 61768 | Elf:3    | Bought a potion of curing for 36 gold pieces
 61768 | Elf:3    | Bought a potion of heal wounds for 60 gold pieces
 61768 | Elf:3    | Bought a potion of magic for 96 gold pieces
 61768 | Elf:3    | Bought a potion of curing for 36 gold pieces
 61768 | Elf:3    | Bought a potion of curing for 36 gold pieces
 61797 | Elf:3    | Bought a potion of agility for 72 gold pieces
 61797 | Elf:3    | Bought a potion of heal wounds for 90 gold pieces
 61797 | Elf:3    | Bought a potion of might for 72 gold pieces
 61797 | Elf:3    | Bought a potion of heal wounds for 90 gold pieces
 61797 | Elf:3    | Bought a potion of heal wounds for 90 gold pieces
 61797 | Elf:3    | Bought a potion of curing for 54 gold pieces
 61797 | Elf:3    | Bought a potion of curing for 54 gold pieces
 61797 | Elf:3    | Bought a potion of curing for 54 gold pieces
 62050 | Vaults:5 | Bought the ring of Sirerulo {rF+ Str+2 Int-5 Slay+3 SInv}
                  | for 741 gold pieces
 62324 | Zot:1    | Entered Level 1 of the Realm of Zot
 62765 | Zot:1    | Noticed an orb of fire
 62775 | Zot:1    | Killed an orb of fire
 63216 | Zot:1    | Reached skill level 25 in Fighting
 63424 | Zot:2    | Found a transporter.
 63424 | Zot:2    | Identified the +4 dragonskin cloak
 63424 | Zot:2    | Noticed Tiamat
 63460 | Zot:2    | Killed Tiamat
 63508 | Zot:2    | Noticed an ancient lich
 63542 | Zot:2    | Noticed an orb of fire
 63543 | Zot:2    | Noticed an ancient lich
 63614 | Zot:2    | Found a radiant altar of Vehumet.
 63632 | Zot:2    | Noticed an orb of fire
 63637 | Zot:2    | Gained mutation: Your spells are a little easier to cast,
                  | but a little less powerful. [an orb of fire]
 63642 | Zot:2    | Killed an orb of fire
 64047 | Zot:2    | Reached skill level 26 in Fighting
 64316 | Zot:3    | Reached skill level 10 in Throwing
 64885 | Zot:3    | Reached skill level 27 in Fighting
 66323 | Zot:5    | Entered Level 5 of the Realm of Zot
 67210 | Zot:5    | Noticed an orb of fire
 67221 | Zot:5    | Gained mutation: You are frail. (-10% HP) [an orb of fire]
 67222 | Zot:5    | Gained mutation: Your magical capacity is low. (-10% MP)
                  | [an orb of fire]
 67229 | Zot:5    | Killed an orb of fire
 67421 | Zot:5    | Noticed an ancient lich
 67434 | Zot:5    | Killed an ancient lich
 67660 | Zot:5    | Noticed an orb of fire
 67663 | Zot:5    | Noticed a Killer Klown
 67664 | Zot:5    | Noticed an orb of fire
 67667 | Zot:5    | Gained mutation: Scrolls take you a little longer to read.
                  | [an orb of fire]
 67669 | Zot:5    | Noticed a Killer Klown
 67670 | Zot:5    | Noticed a Killer Klown
 67672 | Zot:5    | Noticed a Killer Klown
 67677 | Zot:5    | Gained mutation: Your spells are easier to cast, but less
                  | powerful. [an orb of fire]
 67684 | Zot:5    | Killed an orb of fire
 67684 | Zot:5    | Reached skill level 15 in Throwing
 67684 | Zot:5    | Gained mutation: You expend magic power (3 MP) to
                  | strengthen your wands. [an orb of fire]
 67692 | Zot:5    | Killed a Killer Klown
 67693 | Zot:5    | Killed an orb of fire
 67698 | Zot:5    | Killed a Killer Klown
 67700 | Zot:5    | Noticed an orb of fire
 67702 | Zot:5    | Noticed a Killer Klown
 67706 | Zot:5    | Noticed a Killer Klown
 67713 | Zot:5    | Noticed a Killer Klown
 67715 | Zot:5    | Killed an orb of fire
 67718 | Zot:5    | Noticed an ancient lich
 67721 | Zot:5    | Killed a Killer Klown
 67727 | Zot:5    | Killed a Killer Klown
 67736 | Zot:5    | Killed an ancient lich
 67750 | Zot:5    | Killed a Killer Klown
 67756 | Zot:5    | Killed a Killer Klown
 67761 | Zot:5    | Killed a Killer Klown
 67763 | Zot:5    | Lost mutation: You expend magic power (3 MP) to strengthen
                  | your wands. [potion of mutation]
 67763 | Zot:5    | Lost mutation: Scrolls take you a little longer to read.
                  | [potion of mutation]
 67763 | Zot:5    | Lost mutation: You are frail. (-10% HP) [potion of
                  | mutation]
 67763 | Zot:5    | Lost mutation: Your spells are easier to cast, but less
                  | powerful. [potion of mutation]
 67763 | Zot:5    | Gained mutation: You are partially covered in molten
                  | scales. (AC +2) [potion of mutation]
 67763 | Zot:5    | Gained mutation: Your flesh is cold resistant. (rC+)
                  | [potion of mutation]
 68030 | Zot:5    | Reached skill level 15 in Dodging
 68103 | Zot:5    | Got the Orb of Zot
 68511 | D:4      | Noticed Teshrexob the pandemonium lord
 68549 | D:1      | Woot!
 68550 | D:$      | Escaped with the Orb!

Levels and vault maps discovered:
D:1:      minmay_arrival_split_and_join, layout_loops_ring
D:2:      layout_basic, chequers_ecumenical_altar_simple_redux,
          minmay_increasing_density, uniq_jessica, uniq_robin, uniq_terence
D:3:      layout_loops_ring, lemuel_crystal_altar, lemuel_old_faithful
D:4:      layout_layer_cave, minmay_temple_entry_crystal_x, okawaru_gym_becter,
          uniq_pikel, uniq_edmund
D:5:      layout_cave_pools, gup_sewer_entry_pipe, first_ration,
          tgw_kikubaaqudgha, uniq_sigmund
D:6:      layout_basic, serial_shops, nicolae_shop_waterfront, shop,
          uniq_eustachio
D:7:      layout_basic, basic_altar, uniq_joseph, uniq_menkaure,
          uniq_prince_ribbit1
D:8:      layout_basic, uniq_psyche, uniq_erica, uniq_gastronok, uniq_grum
D:9:      layout_roguey, due_lair_maze_entry_diamond, serial_shops, shop
D:10:     layout_basic
D:11:     minmay_firetagon, layout_loops_ring, serial_undead, serial_undead_b,
          serial_undead_c, serial_undead_c, serial_undead_f, serial_undead_b,
          serial_undead_e, serial_undead_b, uniq_nergalle, uniq_fannar
D:12:     layout_basic, zombieorc2_lemuel, portal_ice_cave_entry_imps,
          grunt_livestock, uniq_sonja
D:13:     layout_basic, erik_vaults_1
D:14:     layout_loops_ring, serial_shops, bzr_entry_dummy, ebering_ghost_xom
D:15:     hangedman_depths_entry_civil_slaughter, layout_basic,
          hangedman_abyss_or_decor_passed, lemuel_centaur_altar
Temple:   grunt_wide_crystal_templ
Lair:1:   beast_lair_carwin_large_1, layout_cave_pods, minmay_hedge_maze,
          bh_autumn_forest_stairs
Lair:2:   layout_gridlike, elwin_shoals_entry_rocks, grunt_megastairs_2
Lair:3:   layout_big_grid, st_stairs_3, serial_bayou_crossing, uniq_rupert
Lair:4:   layout_regular_city, minmay_snake_entry_guardpost_small,
          minmay_lindwurm_lava, grunt_megastairs_5
Lair:5:   layout_gridlike
Lair:6:   minmay_lair_end_frog_pond, layout_regular_city, slime_altar_1,
          uniq_josephine
Shoals:1: layout_shoals
Shoals:2: layout_shoals, nicolae_shoals_dead_sea_scrolls
Shoals:3: layout_shoals, serial_shops, shop, shop, uniq_nikola, uniq_ilsuiw
Shoals:4: shoals_end_hangedman, layout_shoals, shoals_ilsuiw_alternative,
          serial_shops, shop, lemuel_oklob_altar
Snake:1:  layout_layer_cave, minmay_shoptagon, grunt_megastairs_1,
          lemuel_fruit_tree
Snake:2:  layout_cave_shapes, grunt_ministairs_6, uniq_louise
Snake:3:  onia_ninara_swampy_vault, layout_misc_corridors, uniq_azrael,
          uniq_kirke, uniq_vashnia
Snake:4:  minmay_snake_end_coiled, layout_grid_shapes, basic_altar,
          grunt_megastairs_3, uniq_aizul
Orc:1:    layout_caves, basic_altar
Orc:2:    st_orc_congregation, layout_diamond_mine, kennysheep_orc_chapel
Elf:1:    layout_gridlike, serial_shops, bzr_entry_gold, minmay_elf_necromancy,
          grunt_ministairs_5
Elf:2:    layout_geoelf_octagon
Elf:3:    minmay_elf_hall_furrowed, layout_geoelf_castle, serial_shops,
          nicolae_shop_waterfront, shop, nicolae_shop_waterfront, shop, shop,
          kilobyte_mutagenic_chamber
Vaults:1: gammafunk_vaults_ghost_split, vaults_room_large_hall, v_misc_3,
          ontoclasm_vaults_eye, ontoclasm_vaults_shuriken,
          ontoclasm_vaults_ring_large, v_rooms_3,
          nicolae_vaults_little_squares_1, hangedman_vaults_maws,
          nicolae_vaults_border_crossing, vaults_room_glass_cross,
          dpeg_vaults_monster_box, v_alt_pattern_3, layout_vaults_omnicross
Vaults:2: v_misc_14, grunt_vaults_focal, grunt_vaults_funnel, v_misc_16,
          st_smaller_cells, nicolae_vaults_shelves_hall, vaults_dpeg_ring,
          grunt_vaults_hallway_short, layout_vaults_big_room, serial_shops,
          nicolae_shop_behind_doors
Vaults:3: v_rooms_1, nicolae_vaults_lopsided_apartments,
          hangedman_vaults_corner, minmay_crypt_entry_necro_gods, v_misc_19,
          nicolae_vaults_rhombus_6, v_pattern_1, vaults_mumra_hex,
          hangedman_vaults_trim, v_alt_pattern_5, vaults_room_hallway,
          nicolae_vaults_little_squares_4, layout_vaults_omnigrid, serial_shops,
          nicolae_shop_window_shopping
Vaults:4: vaults_dpeg_cross, vaults_room_door_ring,
          nicolae_vaults_three_branches, nicolae_vaults_asterisk,
          nicolae_vaults_little_ls, vaults_dpeg_diagonal,
          nicolae_vaults_gold_heap, vaults_dpeg_doors, vaults_room_pools,
          nicolae_vaults_network_square, v_misc_32, layout_vaults_maze_snakey
Vaults:5: serial_shops
Depths:1: layout_cave_pools, hell_entry, kennysheep_boxes,
          infiniplex_staircase_pool_lava, uniq_asterion, uniq_mara,
          uniq_enchantress
Depths:2: kennysheep_treasure_stockpile, layout_cave_pools,
          minmay_room_of_horrors, hangedman_tar_grid_catacomb, minivault_11
Depths:3: minmay_the_grid_square_5x5_5x5 [minmay_the_grid_square_5x5_minimal,
          minmay_the_grid_square_5x5_inner_i,
          minmay_the_grid_square_5x5_doubleslash,
          minmay_the_grid_square_5x5_dogpile,
          minmay_the_grid_square_5x5_eight_small,
          minmay_the_grid_square_5x5_seven,
          minmay_the_grid_square_5x5_prize_pseudospiral,
          minmay_the_grid_square_5x5_shrine2,
          minmay_the_grid_square_5x5_prize_itemx,
          minmay_the_grid_square_5x5_slash,
          minmay_the_grid_square_5x5_inverted_slash,
          minmay_the_grid_square_5x5_three,
          minmay_the_grid_square_5x5_prize_waves,
          minmay_the_grid_square_5x5_fancy_junction,
          minmay_the_grid_square_5x5_tie,
          minmay_the_grid_square_5x5_sharp_hourglass,
          minmay_the_grid_square_5x5_prize_gold, minmay_the_grid_square_5x5_meh,
          minmay_the_grid_square_5x5_prize_deathbox,
          minmay_the_grid_square_5x5_eight, minmay_the_grid_square_5x5_n_small,
          minmay_the_grid_square_5x5_gyroscope, minmay_the_grid_square_5x5_n,
          minmay_the_grid_square_5x5_longway,
          minmay_the_grid_square_5x5_minivault], layout_twisted_cross,
          chequers_serial_rivers_marsh, lightli_too_deep,
          rand_demon_pan_entry_3, infiniplex_staircase_star, uniq_jory,
          uniq_bai_suzhen
Depths:4: hangedman_spin_cycle, abyss_entry, hell_entry, uniq_boris
Depths:5: grunt_zot_entry_bicorn, layout_honeycomb, hell_entry,
          abyss_entry_glasseish, minmay_fountain_box, hangedman_aviary
Zot:1:    layout_concentric_octagons
Zot:2:    gammafunk_sealed_library, layout_gridlike, uniq_tiamat
Zot:3:    grunt_twist_and_shout, layout_cathedral_of_symmetry,
          grunt_ministairs_7
Zot:4:    layout_cathedral_of_symmetry
Zot:5:    layout_gridlike

Skill      XL: |  1  2  3  4  5  6  7  8  9 10 11 12 13 14 15 16 17 18 19 20 21 22 23 24 25 26 27 |
---------------+----------------------------------------------------------------------------------+-----
Axes           | 3 4 5 6 7 9 11 13 14 15 17 18 19 20 21 22 24 | 24.2
Shields        | 4 5 6 7 9 11 13 15 17 18 19 20 21 22 | 22.0
Armour         | 4 5 6 7 8 9 10 11 12 13 14 15 16 17 18 20 | 20.1
Fighting       | 4 5 6 7 8 9 10 11 12 13 14 15 16 17 18 19 20 27 | 27.0
Invocations    | 2 3 4 5 7 8 9 10 11 12 13 14 15 16 | 16.1
Throwing       | 1 3 4 5 7 8 15 | 15.9
Dodging        | 1 2 4 6 7 9 10 11 15 | 15.2
Slings         | 2 |  2.1

Action                   |  1- 3 |  4- 6 |  7- 9 | 10-12 | 13-15 | 16-18 | 19-21 | 22-24 | 25-27 || total
-------------------------+-------+-------+-------+-------+-------+-------+-------+-------+-------++-------
Melee: War axe           |    80 |    64 |   214 |    80 |       |       |       |       |    38 ||   476
       Trident           |       |   144 |   178 |    35 |       |       |       |       |       ||   357
       Whip              |       |       |       |    41 |       |       |       |       |       ||    41
       Battleaxe         |       |       |       |   410 |   983 |  1162 |   883 |  1118 |  2168 ||  6724
       Halberd           |       |       |       |     5 |    14 |       |       |       |       ||    19
       Great mace        |       |       |       |       |    17 |    20 |       |    15 |   148 ||   200
       Unarmed           |       |       |       |       |       |       |       |       |     9 ||     9
Throw: Dart              |       |     5 |    11 |    21 |    28 |       |       |       |       ||    65
       Stone             |       |       |       |     1 |       |       |       |       |       ||     1
       Boomerang         |       |       |       |       |       |     3 |   157 |    73 |    36 ||   269
       Javelin           |       |       |       |       |       |       |       |    14 |       ||    14
Invok: Slouch            |       |       |       |     1 |     3 |     1 |     3 |     7 |     1 ||    16
       Bend Time         |       |       |       |       |       |     1 |       |       |     3 ||     4
 Abil: Dig               |       |     5 |    18 |    31 |    26 |    43 |    55 |     4 |    71 ||   253
       Shaft Self        |       |       |     2 |     2 |       |       |       |     1 |       ||     5
  Use: Scroll            |       |     5 |     3 |    17 |    11 |     1 |     4 |     5 |    38 ||    84
       Potion            |       |     1 |       |     2 |     2 |       |     1 |     1 |     5 ||    12
 Stab: Sleeping          |       |       |     6 |     3 |       |       |       |       |       ||     9
       Distracted        |       |       |       |     2 |       |     1 |       |       |     4 ||     7
  Eat: Chunk             |       |     7 |    11 |    13 |    20 |    23 |    26 |    22 |    36 ||   158
       Ration            |       |     1 |     1 |       |       |       |       |       |     3 ||     5
Armor: Scale mail        |    35 |    24 |       |       |       |       |       |       |       ||    59
       Swamp dragon scal |       |    51 |    88 |   105 |       |       |       |       |       ||   244
       Chain mail        |       |     8 |       |       |       |       |    60 |     2 |       ||    70
       Plate armour      |       |       |       |    32 |   277 |   168 |    56 |   103 |    42 ||   678
       Gold dragon scale |       |       |       |       |       |       |       |       |   436 ||   436
Dodge: Dodged            |    22 |    61 |   109 |   185 |   298 |   224 |   297 |   313 |   752 ||  2261
       Deflected         |       |       |       |       |     1 |    38 |    38 |     8 |       ||    85
Block: Shield            |    47 |    91 |   168 |   364 |   610 |   185 |       |       |       ||  1465
       Large shield      |       |       |       |       |       |   737 |   982 |  1122 |  2324 ||  5165
       Reflection        |       |       |       |       |       |   118 |   150 |   170 |   143 ||   581

Table legend:
 A = Non-vault XP
 B = Vault XP
 C = Vault XP percentage of total XP
 D = Non-vault monster count
 E = Vault monster count
 F = Vault count percentage of total count
                 A         B        C        D         E       F
            +---------+---------+-------+---------+---------+-------
      Total |  912829 |  893990 |  49.5 |    1580 |    1013 |  39.1
            +---------+---------+-------+---------+---------+-------
        D:1 |      41 |       0 |   0.0 |      21 |       0 |   0.0
        D:2 |      49 |     111 |  69.4 |      21 |      18 |  46.2
        D:3 |      70 |       0 |   0.0 |      18 |       0 |   0.0
        D:4 |     570 |     827 |  59.2 |      26 |       2 |   7.1
        D:5 |     442 |     218 |  33.0 |      16 |       5 |  23.8
        D:6 |     791 |     185 |  19.0 |      27 |       1 |   3.6
        D:7 |     463 |     689 |  59.8 |      10 |       3 |  23.1
        D:8 |    1934 |    4051 |  67.7 |      13 |       6 |  31.6
        D:9 |    1616 |    1166 |  41.9 |      24 |      10 |  29.4
       D:10 |    3919 |       0 |   0.0 |      30 |       0 |   0.0
       D:11 |    5707 |    4646 |  44.9 |      31 |      16 |  34.0
       D:12 |    4915 |    2722 |  35.6 |      22 |      54 |  71.1
       D:13 |    6054 |    1808 |  23.0 |      29 |       2 |   6.5
       D:14 |    6069 |       0 |   0.0 |      23 |       0 |   0.0
       D:15 |   13671 |   10637 |  43.8 |      46 |      12 |  20.7
     Lair:1 |    4853 |    1479 |  23.4 |      20 |      10 |  33.3
     Lair:2 |    4010 |     670 |  14.3 |      22 |       3 |  12.0
     Lair:3 |    2957 |    2811 |  48.7 |      15 |       1 |   6.2
     Lair:4 |    6340 |    3462 |  35.3 |      27 |       9 |  25.0
     Lair:5 |    9129 |       0 |   0.0 |      24 |       0 |   0.0
     Lair:6 |   11867 |   17291 |  59.3 |      38 |      58 |  60.4
   Shoals:1 |   17255 |       0 |   0.0 |      36 |       0 |   0.0
   Shoals:2 |   14239 |    4157 |  22.6 |      24 |       1 |   4.0
   Shoals:3 |   12264 |    4076 |  24.9 |      24 |       4 |  14.3
   Shoals:4 |   17400 |   27530 |  61.3 |      34 |      33 |  49.3
    Snake:1 |   16768 |    1607 |   8.7 |      31 |       4 |  11.4
    Snake:2 |   23190 |    2622 |  10.2 |      40 |       5 |  11.1
    Snake:3 |   19823 |   16361 |  45.2 |      36 |      23 |  39.0
    Snake:4 |   30168 |   28110 |  48.2 |      61 |      52 |  46.0
      Orc:1 |    2197 |       0 |   0.0 |      43 |       0 |   0.0
      Orc:2 |    2928 |   12770 |  81.3 |      26 |      83 |  76.1
      Elf:1 |   24770 |    6488 |  20.8 |      36 |      14 |  28.0
      Elf:2 |   14201 |   22962 |  61.8 |      22 |      30 |  57.7
      Elf:3 |   20295 |   42753 |  67.8 |      31 |      28 |  47.5
   Vaults:1 |   44687 |   30926 |  40.9 |      74 |      55 |  42.6
   Vaults:2 |   51570 |    9007 |  14.9 |      81 |      17 |  17.3
   Vaults:3 |   17070 |   30825 |  64.4 |      28 |      49 |  63.6
   Vaults:4 |   29787 |   17637 |  37.2 |      37 |      18 |  32.7
   Vaults:5 |   17252 |  116189 |  87.1 |      27 |      83 |  75.5
   Depths:1 |   49847 |   15664 |  23.9 |      72 |       8 |  10.0
   Depths:2 |   46434 |   31400 |  40.3 |      64 |      38 |  37.3
   Depths:3 |   42729 |   77165 |  64.4 |      57 |      53 |  48.2
   Depths:4 |     495 |  107986 |  99.5 |       2 |      82 |  97.6
   Depths:5 |   63710 |   31018 |  32.7 |      65 |      22 |  25.3
      Zot:1 |   84529 |       0 |   0.0 |      39 |       0 |   0.0
      Zot:2 |   38658 |   22254 |  36.5 |      18 |      10 |  35.7
      Zot:3 |   59436 |   25882 |  30.3 |      38 |      23 |  37.7
      Zot:4 |   23553 |       0 |   0.0 |      16 |       0 |   0.0
      Zot:5 |   42107 |  155248 |  78.7 |      15 |      40 |  72.7
      Sewer |       0 |     580 | 100.0 |       0 |      28 | 100.0
            +---------+---------+-------+---------+---------+-------
